 Dungeon Crawl Stone Soup version 0.26-a0-690-gcb57259078 (webtiles) character file.

Game seed: 6155110072157320235

171 dickylongcocking the Insei (level 5, -8/33 HPs)
             Began as an Octopode Transmuter on Oct 21, 2020.
             Killed by divine providence
             ... invoked by an orc priest
              (13 damage)
             ... on level 3 of the Dungeon on Oct 25, 2020.
             The game lasted 00:02:55 (2231 turns).

dickylongcocking the Insei (Octopode Transmuter)    Turns: 2231, Time: 00:02:55

Health: -8/33      AC:  1    Str:  9    XL:     5   Next: 51%
Magic:  8/8        EV: 13    Int: 17    God:
Gold:   82         SH:  0    Dex: 12    Spells: 4/8 levels left

rFire    . . .     SeeInvis .     - Unarmed
rCold    . . .     Faith    .   (no shield)
rNeg     . . .     Spirit   .   (helmet restricted)
rPois    .         Reflect  .   m - amulet of regeneration
rElec    .         Harm     .   (no ring)
rCorr    .         Rampage  .   (no ring)
MR       .....                  (no ring)
Stlth    ++........             (no ring)
HPRegen  0.51/turn              (no ring)
MPRegen  0.11/turn              (no ring)
                                (no ring)
                                (no ring)

@: lightly drained
A: almost no armour, stealthy swim, amphibious, 8 rings, constrict 8, camouflage
1, gelatinous body 1
a: no special abilities


You were on level 3 of the Dungeon.
You visited 1 branch of the dungeon, and saw 3 of its levels.

You collected 82 gold pieces.

Inventory:

Jewellery
 d - an uncursed ring of ice
 m - an amulet of regeneration (around mantle)
Scrolls
 b - 2 scrolls of enchant armour {unknown}
 c - 2 scrolls of amnesia {unknown}
 e - a scroll of teleportation {unknown}
 f - a scroll of fog {unknown}
 i - 3 scrolls of identify {unknown}
 k - a scroll of fear {unknown}
 l - a scroll of noise {unknown}
 o - a scroll of remove curse {unknown}
Potions
 a - a potion of curing {unknown}
 g - a potion of flight {unknown}
 h - a potion of invisibility {unknown}
 j - a potion of cancellation {unknown}
 n - a potion of lignification {unknown}
 p - a potion of resistance {unknown}


   Skills:
 - Level 1.0(0.9) Fighting
 - Level 2.0(1.9) Dodging
 * Level 6.0 Unarmed Combat
 - Level 2.0(1.9) Spellcasting
 - Level 2.0(1.9) Transmutations


You had 4 spell levels left.
You knew the following spells:

 Your Spells              Type           Power        Failure   Level
a - Beastly Appendage     Tmut           #.....       9%          1
b - Spider Form           Tmut/Pois      #.........   36%         3

Your spell library contained the following spells:

 Spells                   Type           Power        Failure   Level
 Wereblood                Tmut           #.......     13%         2
 Ice Form                 Ice/Tmut       #.......     78%         4
 Blade Hands              Tmut           #.........   94%         5


Dungeon Overview and Level Annotations

Branches:
Dungeon (3/15)

Altars:
Dithmenos
Sif Muna
Uskayaw


Innate Abilities, Weirdness & Mutations

You cannot wear most types of armour.
You are very stealthy in the water. (Stealth+)
You are amphibious.
You can wear up to eight rings at the same time.
You can use your tentacles to constrict eight enemies at once.
Your skin changes colour to match your surroundings (Stealth+).
Your rubbery body absorbs attacks. (AC +1, EV +1)


Message History

An orc and an orc priest come into view.
The orc shouts! x2; The orc priest shouts!
You hear a shout!
You closely miss the orc. Your grab misses the orc.
An orc priest comes into view.
You barely miss the orc. Your grab misses the orc. The orc misses you.
The orc priest looks encouraged for a moment.
You tentacle-slap the orc. Your grab misses the orc.
The orc is almost dead.
The orc closely misses you. The orc misses you.
The orc priest calls down the wrath of Beogh upon you.
Beogh smites you!
You tentacle-slap the orc.
You kill the orc!
The orc hits you. The orc misses you.
The orc priest mumbles some strange prayers to Beogh against you.
Beogh smites you!
* * * LOW HITPOINT WARNING * * *
The orc priest mumbles some strange prayers to Beogh against you.
Beogh smites you!
You die...

#..# #..#
#..##
####.!.#
#....#.#
#<####.#
# #.# #†#
#.# #.#
#o#o..##
#.#
#@.o...#
#.#
#)o.....#
#.#
#...(...#
#.#
#...<...#
#.#
##.....##
.....#
......#
......#


You could see 2 orc priests and 2 orcs.

Vanquished Creatures
  Crazy Yiuf (D:2)
  7 adders (D:2)
  2 worms (D:2)
  4 leopard geckos
  2 orcs
  6 bats
  4 giant cockroaches
  9 goblins
  6 hobgoblins
  4 jackals (D:1)
  9 kobolds
  A quokka (D:2)
  5 frilled lizards
  5 rats
65 creatures vanquished.

Notes
Turn   | Place    | Note
-------+----------+-------------------------------------------
     0 | D:1      | dickylongcocking the Octopode Transmuter began the quest
                  | for the Orb.
     0 | D:1      | Reached XP level 1. HP: 13/13 MP: 3/3
    65 | D:1      | Reached XP level 2. HP: 9/18 MP: 5/5
   699 | D:1      | Reached skill level 4 in Unarmed Combat
   732 | D:1      | Reached XP level 3. HP: 23/23 MP: 6/6
  1252 | D:2      | Reached XP level 4. HP: 18/28 MP: 7/7
  1388 | D:2      | Reached skill level 5 in Unarmed Combat
  1434 | D:2      | Found a hide-covered altar of Uskayaw.
  1463 | D:2      | Upgraded the game from 0.26-a0-682-g294304f6e8 to
                  | 0.26-a0-690-gcb57259078
  1560 | D:2      | Found a shadowy altar of Dithmenos.
  1687 | D:2      | Reached XP level 5. HP: 26/33 MP: 8/8
  1884 | D:2      | Found a runed translucent door.
  1885 | D:2      | Noticed Crazy Yiuf
  1892 | D:2      | Learned a level 3 spell: Spider Form
  1910 | D:2      | Killed Crazy Yiuf
  1910 | D:2      | Reached skill level 6 in Unarmed Combat
  2031 | D:2      | Found a shimmering blue altar of Sif Muna.
  2231 | D:3      | Killed from afar by an orc priest

Illustrated notes

Levels and vault maps discovered:
D:1:      dpeg_arrival_rooms_c, layout_basic
D:2:      layout_loops_ring, grunt_dithmenos_smoke_and_mirrors,
          lemuel_round_altar, lemuel_blue_sif_altar, minmay_unequal,
          uniq_crazy_yiuf_cottage
D:3:      layout_rooms, nicolae_overflow_hidden_temple, serial_undead,
          serial_undead_d, serial_undead_d, serial_undead_d, serial_undead_c,
          chequers_serial_rivers_room_b, minmay_shallow_snake_nest

Skill      XL: |  1  2  3  4  5 |
---------------+----------------+-----
Unarmed Combat | 4 5 6 |  6.0
Fighting       | |  1.0
Dodging        | |  2.0
Spellcasting   | |  2.0
Transmutations | |  2.0

Action                   |  1- 3 |  4- 6 || total
-------------------------+-------+-------++-------
Melee: Unarmed           |    65 |    81 ||   146
       Constrict         |    23 |    20 ||    43
       Tentacles         |    15 |     9 ||    24
       Kick              |     8 |     7 ||    15
       Punch             |       |     3 ||     3
 Cast: Beastly Appendage |     4 |    12 ||    16
       Spider Form       |       |     1 ||     1
 Stab: Sleeping          |     4 |     5 ||     9
Armor: Skin              |     7 |     6 ||    13
Dodge: Dodged            |    57 |    55 ||   112

Table legend: (Time is in decaauts)
 A = Elapsed time spent in this place.
 B = Non-inter-level travel time spent in this place.
 C = Inter-level travel time spent in this place.
 D = Time resting spent in this place.
 E = Time spent auto-exploring this place.
 F = Levels seen in this place.
 G = Mean time per level.
                   A        B        C        D        E       F      G
               +--------+--------+--------+--------+--------+-----+--------+
         Total |   2216 |   2136 |     80 |     66 |   1698 |   3 |  738.7 |
       Dungeon |   2216 |   2136 |     80 |     66 |   1698 |   3 |  738.7 |
               +--------+--------+--------+--------+--------+-----+--------+

Top non-repeatable levels by time:
     D:1: 1217 daAuts
     D:2: 985 daAuts
     D:3: 13 daAuts
